Map: Ever Dream LE

Players

MarineLorD

  • Race: Terran Terran
  • Spawn Location: 7:00

HeroMarine - Winner!

  • Race: Terran Terran
  • League: Master
  • Spawn Location: 1:00

Event: DreamHack SC2 Masters 2020 Summer Europe

VOD

Have the link to the VOD?

Description

Time

  • Played on: July 9, 2020, 1:48 p.m.
  • Length: 12:53

All games in this series

Show
View Real Time Build Order
Export as new Build Order

MarineLorD Terran 

Build Orders: Reaper Expand 

Get SALT Encoding   

  12  0:00  SCV  
  13  0:12  SCV  
  14  0:17  Supply Depot  
  14  0:24  SCV  
  15  0:38  SCV  
  15  0:40  Barracks  
  16  0:42  Refinery  
  16  0:50  SCV  
  17  1:03  SCV  
  18  1:15  SCV  
  19  1:26  Reaper  
  19  1:27  Orbital Command  
  20  1:39  Command Center  
  20  1:48  Supply Depot  
  20  1:52  SCV  
  21  1:58  Marine  
  22  2:04  SCV  
  23  2:09  Factory  
  23  2:16  Marine, SCV  
  23  2:17  Refinery  
  25  2:23  Bunker  
  25  2:28  SCV  
  26  2:34  Marine  
  27  2:41  SCV  
  28  2:50  Orbital Command  
  28  2:52  Barracks Reactor  
  28  2:54  Refinery, Starport  
  28  2:56  Factory Tech Lab  
  28  2:58  SCV  
  29  3:10  SCV  
  30  3:16  SCV  
  31  3:21  Cyclone  
  31  3:22  SCV  
  35  3:27  Supply Depot  
  35  3:28  Marine x2  
  35  3:31  Starport Tech Lab  
  35  3:32  SCV  
  38  3:35  SCV  
  38  3:40  Supply Depot  
  39  3:44  SCV  
  39  3:45  Marine  
  39  3:46  Marine  
  39  3:47  SCV  
  43  3:49  Raven  
  45  3:56  SCV  
  45  3:58  Siege Tank  
  45  3:59  SCV  
  50  4:05  Marine x2  
  50  4:08  Supply Depot, SCV  
  53  4:11  SCV  
  54  4:17  Supply Depot  
  54  4:21  SCV  
  54  4:23  Marine x2, SCV  
  58  4:32  Siege Tank  
  58  4:33  SCV  
  58  4:37  Raven  
  64  4:38  SCV  
  64  4:45  SCV  
  66  4:49  Command Center  
  66  4:51  SCV  
  67  4:57  SCV  
  67  4:59  Marine x2  
  70  5:03  SCV  
  70  5:04  Siege Tank  
  74  5:09  SCV  
  74  5:11  Refinery  
  74  5:13  Barracks x2  
  75  5:16  Supply Depot  
  75  5:17  Supply Depot  
  75  5:19  SCV  
  75  5:26  SCV  
  76  5:31  Viking  
  78  5:37  Marine, Viking  
  78  5:38  Siege Tank, SCV  
  78  5:40  Stimpack  
  78  5:42  SCV  
  86  5:45  Supply Depot  
  86  5:50  SCV  
  86  5:54  SCV  
  86  5:55  Marine  
  89  6:00  Barracks Reactor x2  
  89  6:01  Orbital Command  
  89  6:02  SCV  
  90  6:06  SCV  
  90  6:07  Engineering Bay x2  
  90  6:09  Viking  
  93  6:15  Viking  
  93  6:16  SCV  
  96  6:18  SCV  
  96  6:21  Marine  
  96  6:23  Siege Tank, Orbital Command  
  101  6:30  SCV  
  102  6:37  Terran Infantry Weapons Level 1, Terran Infantry Armor Level 1  
  102  6:39  Marine x5  
  107  6:41  Barracks  
  107  6:42  Barracks  
  107  6:51  SCV x2  
  107  6:53  SCV  
  110  6:56  Marine  
  110  6:57  Marine x3  
  110  6:59  Siege Tank  
  116  7:03  SCV  
  116  7:06  Supply Depot  
  116  7:07  Supply Depot  
  117  7:10  SCV  
  117  7:15  Supply Depot  
  117  7:16  Marine x5  
  117  7:17  SCV  
  117  7:19  Combat Shield  
  119  7:24  Medivac x2  
  123  7:30  SCV x3  
  123  7:32  Barracks Reactor x2  
  123  7:34  Marine x5  
  131  7:37  Refinery  
  131  7:38  Refinery  
  131  7:40  Sensor Tower  
  131  7:42  Armory, SCV x2  
  125  7:52  SCV  
  125  7:54  Marine x5  
  125  7:57  Medivac x2  
  110  8:08  SCV  
  110  8:10  Command Center  
  110  8:11  Supply Depot, Marine x3  
  114  8:15  Marine x6  
  114  8:19  Supply Depot  
  120  8:21  Siege Tank  
  123  8:29  Marine x3  
  123  8:33  Marine x5  
  132  8:35  Medivac  
  132  8:36  Medivac  
  136  8:47  Marine x3  
  138  8:49  Factory  
  138  8:50  Marine, Terran Vehicle Weapons Level 1  
  138  8:51  Marine x2  
  138  8:52  Terran Infantry Weapons Level 2  
  141  8:56  Terran Infantry Armor Level 2  
  141  8:58  Marine x2  
  141  9:00  Barracks Reactor  
  143  9:05  Siege Tank, Marine x3  
  143  9:08  Marine x3  
  152  9:16  Marine x2  
  150  9:23  Marine x3  
  153  9:25  SCV x2  
  153  9:26  Marine x3, SCV  
  159  9:32  Sensor Tower  
  159  9:34  Marine x2  
  159  9:35  Supply Depot  
  159  9:37  Marine x2  
  163  9:39  SCV x3  
  163  9:40  Refinery, Marine x3  
  163  9:41  Refinery  
  163  9:44  Marine x3  
  170  9:51  SCV x2  
  170  9:52  Marine x2  
  170  9:55  Marine x2  
  170  9:58  Siege Tank x2, Marine x3  
  178  10:02  Marine x3  
  178  10:03  SCV x2  
  178  10:06  Sensor Tower  
  183  10:07  Planetary Fortress  
  183  10:09  Marine  
  183  10:10  Marine  
  183  10:13  Marine x2  
  186  10:20  Marine x2  
  188  10:26  Supply Depot x2  
  188  10:30  Marine, Missile Turret  
  188  10:33  Command Center  
  188  10:34  Marine  
  188  10:38  Marine  
  188  10:39  Marine  
  188  10:47  Siege Tank, Marine x6  
  188  10:48  Marine  
  198  10:52  Marine  
  198  10:56  Marine  
  197  10:57  Marine  
  197  11:03  Siege Tank  
  170  11:05  Marine x7  
  170  11:09  Marine  
  175  11:14  Marine  
  175  11:15  Marine  
  137  11:19  Siege Tank  
  137  11:23  Marine x7  
  135  11:27  Marine  
  135  11:28  Medivac  
  135  11:29  Medivac  
  135  11:31  Marine  
  129  11:33  Marine  
  125  11:40  Marine x5  
  125  11:41  Marine x2  
  125  11:42  Siege Tank  
  125  11:45  Marine  
  135  11:48  SCV x3  
  135  11:49  Marine  
  135  11:51  Marine  
  135  11:54  Unknown  
  140  11:58  Marine x5, Medivac  
  140  11:59  Marine x2, Medivac  
  151  12:03  Marine  
  151  12:04  Planetary Fortress  
  151  12:06  SCV  
  151  12:07  Marine, SCV  
  153  12:08  Marine  
  153  12:09  SCV  
  155  12:16  Marine x5  
  155  12:17  Marine  
  155  12:19  SCV x3  
  155  12:20  Marine  
  155  12:21  Marine, SCV  
  166  12:26  Marine  
  167  12:34  Marine x5  
  167  12:36  SCV x2  
Show
View Real Time Build Order
Export as new Build Order

HeroMarine Terran - Winner!

Build Orders: Reaper Expand 

Get SALT Encoding   

  12  0:01  SCV  
  13  0:13  SCV  
  14  0:17  Supply Depot  
  14  0:25  SCV  
  15  0:38  SCV  
  15  0:41  Barracks  
  16  0:43  Refinery  
  16  0:50  SCV  
  17  1:02  SCV  
  18  1:15  SCV  
  19  1:27  Orbital Command  
  19  1:28  Reaper  
  20  1:41  Command Center  
  20  1:49  Supply Depot  
  20  1:53  SCV  
  21  1:59  Marine  
  22  2:05  SCV  
  23  2:09  Factory  
  23  2:17  Marine, SCV  
  23  2:20  Refinery  
  25  2:29  SCV  
  26  2:36  Barracks Reactor  
  26  2:41  SCV  
  27  2:52  Orbital Command  
  27  2:53  Hellion, SCV  
  27  2:54  Starport  
  30  3:06  SCV  
  31  3:13  Marine x2  
  31  3:16  Factory Tech Lab  
  31  3:18  SCV x2  
  35  3:22  Refinery  
  35  3:30  SCV x2  
  35  3:31  Supply Depot, Marine x2  
  39  3:38  Raven  
  39  3:40  Factory Tech Lab  
  41  3:42  SCV x2  
  43  3:49  Marine x2  
  43  3:54  SCV x2  
  47  3:55  Supply Depot  
  47  3:58  Cyclone  
  50  4:06  SCV x2  
  52  4:15  Command Center  
  52  4:18  SCV x2  
  52  4:21  Supply Depot  
  54  4:26  Raven  
  54  4:27  Marine x2  
  54  4:30  SCV x2  
  60  4:34  Siege Tank  
  62  4:42  SCV x2  
  64  4:46  Marine x2  
  64  4:47  Supply Depot  
  64  4:48  Refinery  
  66  4:54  SCV  
  66  4:55  SCV  
  68  5:04  Marine x2  
  70  5:09  Siege Tank, SCV x2  
  75  5:16  Barracks  
  75  5:17  Supply Depot, Barracks  
  75  5:22  SCV x2  
  77  5:28  Orbital Command  
  77  5:32  Engineering Bay x2  
  77  5:34  SCV x2  
  79  5:41  Siege Tank, Viking x2  
  86  5:43  Stimpack  
  86  5:47  SCV  
  86  5:48  Marine, SCV  
  89  5:51  Orbital Command  
  89  5:59  Terran Infantry Weapons Level 1, Terran Infantry Armor Level 1, SCV  
  89  6:00  SCV  
  89  6:04  Barracks Reactor  
  91  6:05  Barracks Reactor  
  91  6:06  Barracks  
  91  6:08  Barracks  
  91  6:11  SCV, Viking  
  91  6:12  SCV  
  91  6:16  Viking  
  97  6:20  SCV  
  97  6:25  Siege Tank, Supply Depot  
  98  6:26  Supply Depot  
  98  6:31  SCV x2  
  98  6:32  Refinery, SCV  
  104  6:34  Refinery, Supply Depot  
  104  6:38  Marine  
  105  6:43  SCV x2  
  105  6:44  SCV  
  105  6:46  Viking  
  107  6:48  Viking  
  107  6:53  Marine  
  107  6:54  Marine x2  
  109  6:55  SCV  
  109  6:56  Barracks Reactor  
  109  6:57  Barracks Reactor, SCV  
  109  6:58  SCV  
  109  7:00  Marine x2  
  112  7:03  Siege Tank  
  112  7:07  SCV  
  116  7:09  SCV  
  116  7:10  SCV  
  116  7:11  Supply Depot, Marine  
  116  7:15  Marine x2, Armory  
  121  7:18  Marine  
  120  7:24  Sensor Tower  
  120  7:25  Marine  
  120  7:29  Marine  
  121  7:33  Marine x2  
  121  7:35  Marine  
  121  7:36  Siege Tank, Medivac x2  
  130  7:41  Supply Depot  
  130  7:42  Supply Depot  
  130  7:43  Marine  
  131  7:46  Marine x2  
  132  7:57  Marine  
  132  7:58  Marine x2  
  119  7:59  Marine x2  
  119  8:02  Marine x2  
  119  8:04  Marine x2  
  119  8:05  Terran Infantry Weapons Level 2, Terran Infantry Armor Level 2  
  121  8:06  Medivac x2  
  121  8:11  Command Center  
  121  8:12  Combat Shield  
  125  8:15  Marine  
  125  8:16  Marine x2  
  125  8:17  Marine x2  
  125  8:19  Marine  
  130  8:20  Marine  
  130  8:22  Siege Tank, Marine x2  
  137  8:27  Terran Vehicle Weapons Level 1  
  137  8:31  Missile Turret  
  137  8:32  Marine  
  137  8:33  Marine  
  137  8:34  Marine  
  137  8:35  Marine x2  
  137  8:37  Marine x2, Medivac  
  137  8:39  Marine  
  137  8:40  Marine  
  145  8:41  Medivac  
  147  8:49  Factory  
  147  8:50  Marine  
  147  8:51  Marine x2  
  147  8:52  Marine  
  147  8:53  Marine  
  147  8:55  Marine x2  
  152  8:57  Marine x2  
  152  8:58  Supply Depot  
  156  9:06  Viking  
  156  9:08  Marine  
  156  9:09  Marine x2  
  161  9:10  Siege Tank, Marine  
  161  9:14  Marine x2  
  165  9:19  Marine  
  165  9:20  Viking  
  165  9:21  Supply Depot  
  165  9:22  Supply Depot, Marine x2  
  170  9:26  Marine, SCV x3  
  170  9:27  Marine x2  
  170  9:28  Marine  
  177  9:38  SCV x3  
  178  9:42  Marine  
  178  9:45  Barracks Reactor  
  179  9:49  Siege Tank x2, Marine x2  
  179  9:50  Marine x3, SCV  
  191  9:56  Planetary Fortress  
  191  9:59  Marine x2  
  184  10:00  Marine  
  184  10:01  Medivac x2  
  184  10:02  SCV x2  
  184  10:03  SCV  
  192  10:07  Marine x3  
  192  10:08  Marine  
  192  10:09  Marine  
  197  10:15  Barracks  
  197  10:17  Marine  
  197  10:19  Barracks  
  197  10:20  Barracks  
  198  10:21  Sensor Tower, Command Center  
  197  10:31  Viking  
  195  11:03  Siege Tank x2  
  189  11:15  Marine x13  
  155  11:33  Marine x13  
  155  11:35  Siege Tank x2, Command Center  
  165  11:48  Refinery x2  
  165  11:50  Marine  
  165  11:51  Marine x3  
  165  11:52  Barracks Reactor x3  
  165  11:53  Starport, Marine x6  
  175  11:54  Starport  
  175  11:55  Planetary Fortress  
  175  12:07  Siege Tank x2  
  181  12:08  Marine x4  
  181  12:10  Marine  
  181  12:11  Marine x2  
  181  12:14  Marine x2  
  190  12:22  Marine  
  191  12:26  Marine x4  
  191  12:28  Marine x2  
  191  12:29  Marine  
  198  12:32  Marine  
  198  12:33  Marine  
  198  12:34  Marine x3  
  197  12:53  Command Center  
Tags
 
Add a new tag
Caveats
  • Supply blocks, unpowered buildings, or Contaminate may cause inaccurate times.
  • Supply counts are checked every 10 seconds.